 Dungeon Crawl Stone Soup version 0.31-a0-229-g1fc7ce93e2 (webtiles) character file.

Game seed: 8734839407080082499

233 qw the Shooter (level 6, -1/37 HPs)
             Began as a Gargoyle Hexslinger on July 6, 2023.
             Slain by a gnoll
             ... wielding a +0 whip
              (4 damage)
             ... on level 4 of the Dungeon.
             The game lasted 00:00:54 (2124 turns).

qw the Shooter (Gargoyle Hexslinger)                Turns: 2124, Time: 00:00:55

Health: -1/37      AC: 10    Str: 11    XL:     6   Next: 4%
Magic:  7/7        EV: 16    Int: 14    God:
Gold:   169        SH:  0    Dex: 14    Spells: 6/7 levels left

rFire   . . .        Y - +1 sling
rCold   . . .        (no shield)
rNeg    + . .        d - +0 leather armour
rPois   inf          j - +2 hat
rElec   +            (no cloak)
rCorr   .            g - +0 pair of gloves
SInv    .            (no boots)
Will    +....        (no amulet)
Stlth   +            c - +5 ring of evasion
HPRegen 0.26/turn    b - ring of willpower
MPRegen 0.10/turn

%: no passive effects
@: about to teleport
A: sickness immunity, AC +4, negative energy resistance 1, electricity
resistance, torment resistance 1, petrification resistance
a: no special abilities


You were on level 4 of the Dungeon.
You visited 1 branch of the dungeon, and saw 4 of its levels.

You collected 169 gold pieces.


Innate Abilities, Weirdness & Mutations

You are immune to sickness and miasma.
Your stone body is resilient. (AC +4)
You are immune to poison.
You resist negative energy. (rN+)
You are resistant to electric shocks. (rElec)
You are resistant to unholy torment.
You are immune to petrification.


   Skills:
 - Level 3.0 Fighting
 + Level 5.5 Ranged Weapons
 - Level 1.5 Dodging
 - Level 1.0 Spellcasting
 - Level 2.6 Hexes


You had 6 spell levels left.
You knew the following spells:

 Your Spells              Type           Power      Damage    Failure   Level
a - Slow                  Hex            32%        N/A       12%         1

Your spell library contained the following spells:

 Spells                   Type           Power      Damage    Failure   Level
 Inner Flame              Hex/Fire       4%         N/A       52%         3
 Portal Projectile        Hex/Tloc       8%         N/A       52%         3
 Cause Fear               Hex            4%         N/A       75%         4

Inventory:

Hand Weapons
 Y - a +1 sling (weapon)
Armour
 d - a +0 leather armour (worn)
 g - a +0 pair of gloves (worn)
 j - a +2 hat (worn)
Jewellery
 a - the ring of Darkness {rElec rN+}
   (You found it on level 2 of the Dungeon)

   [ring of positive energy]

   rElec:     It insulates you from electricity.
   rN:        It protects you from negative energy.
 b - a ring of willpower (right hand)
 c - a +5 ring of evasion (left hand)
Scrolls
 f - a scroll of identify
 k - a scroll of teleportation
Potions
 e - a potion of enlightenment
 h - a potion of resistance {unknown}
 i - a potion of mutation

Dungeon Overview and Level Annotations

Branches:
Dungeon (4/15)
 Temple: D:4-7

Altars:
Makhleb


Message History

The scorpion barely misses you.
You shoot a sling bullet.
The sling bullet closely misses the gnoll.
The scorpion stings you but does no damage.
The gnoll barely misses you.
You shoot a sling bullet. The sling bullet hits the gnoll.
The gnoll is heavily wounded.
The scorpion closely misses you. The gnoll barely misses you.
The scorpion barely misses you.
You shoot a sling bullet. The sling bullet hits the gnoll.
The gnoll is severely wounded.
The gnoll completely misses you. The gnoll hits you but does no damage.
The scorpion stings you.
A gnoll comes into view. It is wielding a +0 club.
The gnoll completely misses you. The gnoll closely misses you.
You shoot a sling bullet. The sling bullet hits the gnoll.
You kill the gnoll!
The scorpion completely misses you. The gnoll hits you with a +0 whip.
The scorpion stings you.
You shoot a sling bullet.
The sling bullet closely misses the scorpion.
The scorpion stings you but does no damage.
The gnoll misses you.
You shoot a sling bullet. The sling bullet hits the scorpion.
The scorpion is lightly wounded.
The scorpion stings you. The gnoll hits you with a +0 whip.
You shoot a sling bullet.
The sling bullet closely misses the scorpion.
The scorpion closely misses you. The gnoll closely misses you.
The scorpion misses you. The gnoll hits you with a +0 whip.
2123 ||| READING 2 scrolls of teleportation.
As you read the scroll of teleportation, it crumbles to dust.
You feel strangely unstable. The scorpion closely misses you.
The gnoll hits you with a +0 club. The gnoll hits you with a +0 whip.
You shoot a sling bullet. The sling bullet hits the scorpion.
The scorpion is heavily wounded.
The scorpion closely misses you. The gnoll misses you.
The gnoll hits you with a +0 whip.
You die...

........... ....... ...
# ## ...... ... .#
..##...# ..# ...
#.....###.# ....
.......##(# ..... ....
#...##%#$>.... ##...
####....g@s......
#....###.....#.g.#......
#........###.#.#.# .....
........# #...#.# ....
........# ##.....# ...
........# #....#.# ##
........###.##.#.#
#..7777.##..##.#..
7..7.<......# #.


You could see a scorpion and 2 gnolls.

Vanquished Creatures
  A phantom (D:3)
  A howler monkey (D:4)
  An adder (D:1)
  6 gnolls
  A worm (D:4)
  An orc (D:4)
  5 ball pythons
  7 endoplasms
  8 goblins
  6 hobgoblins
  2 quokkas
  4 bats
  4 frilled lizards
  2 kobolds
  5 rats
54 creatures vanquished.

Notes
Turn   | Place    | Note
-------+----------+-------------------------------------------
     0 | D:1      | qw the Gargoyle Hexslinger began the quest for the Orb.
     0 | D:1      | Reached XP level 1. HP: 12/12 MP: 2/2
     0 | D:1      | 0 ||| qw: Version: 0.3-a-46-gb1f654a
     0 | D:1      | 0 ||| qw: Game counter: 1270
     0 | D:1      | 0 ||| qw: Melee chars always use a shield: true
     0 | D:1      | 0 ||| qw: God list: Okawaru
     0 | D:1      | 0 ||| qw: Allow faded altars: false
     0 | D:1      | 0 ||| qw: Do Orc after clearing Dungeon:15 true
     0 | D:1      | 0 ||| qw: Do second Lair branch before Depths: true
     0 | D:1      | 0 ||| qw: Lair rune preference: random
     0 | D:1      | 0 ||| qw: Goals: Normal
     0 | D:1      | 0 ||| PLANNING D:1-11
   132 | D:1      | Reached skill level 3 in Ranged Weapons
   132 | D:1      | Reached XP level 2. HP: 12/16 MP: 3/3
   529 | D:1      | Reached XP level 3. HP: 21/21 MP: 4/4
   630 | D:1      | 630 ||| UPGRADING to +0 leather armour.
   640 | D:1      | 640 ||| DROPPING +0 robe.
   641 | D:1      | 641 ||| UPGRADING to ring of willpower.
   642 | D:1      | 642 ||| READING scroll labelled GYWECO OR ZOFUT.
   643 | D:1      | 643 ||| READING scroll labelled HOUCIX LOYSMO.
   646 | D:1      | 646 ||| READING scroll labelled LERO NI OCECO.
   647 | D:1      | 647 ||| DRINKING 2 smoky orange potions.
   648 | D:1      | 648 ||| DROPPING scroll of poison.
   665 | D:2      | 665 ||| STAIRDANCE
   717 | D:2      | Identified the ring of Darkness {rElec rN+}
  1388 | D:2      | 1388 ||| UPGRADING to +0 pair of gloves.
  1393 | D:2      | 1393 ||| UPGRADING to ring of Darkness {rElec rN+}.
  1394 | D:2      | 1394 ||| UPGRADING to +5 ring of evasion.
  1396 | D:2      | 1396 ||| UPGRADING to ring of willpower.
  1398 | D:2      | 1398 ||| DRINKING 2 ruby potions.
  1399 | D:2      | 1399 ||| DROPPING potion of invisibility.
  1566 | D:3      | Reached XP level 4. HP: 26/26 MP: 5/5
  1733 | D:3      | Noticed a phantom
  1751 | D:3      | Killed a phantom
  1752 | D:3      | Reached skill level 5 in Ranged Weapons
  1752 | D:3      | Reached XP level 5. HP: 19/30 MP: 6/6
  2022 | D:3      | 2022 ||| UPGRADING to +2 hat.
  2027 | D:3      | 2027 ||| READING 4 scrolls labelled TYGUFA WAATT.
  2028 | D:3      | 2028 ||| READING scroll labelled RUGY DUTEBO.
  2029 | D:3      | 2029 ||| READING 3 scrolls of identify.
  2029 | D:3      | 2029 ||| IDENTIFYING white potion
  2030 | D:3      | 2030 ||| READING 2 scrolls of identify.
  2030 | D:3      | 2030 ||| IDENTIFYING emerald potion
  2031 | D:3      | 2031 ||| DROPPING potion of berserk rage.
  2050 | D:4      | Found a burning altar of Makhleb.
  2059 | D:4      | Reached skill level 3 in Fighting
  2114 | D:4      | Reached XP level 6. HP: 26/37 MP: 7/7
  2122 | D:4      | HP: 6/37 [gnoll/+0 whip (5)]
  2123 | D:4      | 2123 ||| READING 2 scrolls of teleportation.
  2123 | D:4      | HP: 2/37 [gnoll/+0 whip (2)]
  2124 | D:4      | Slain by a gnoll

Levels and vault maps discovered:
D:1:      eino_arrival_water_star, layout_loops_ring
D:2:      layout_loops_ring, minivault_14, kennysheep_small_spiral
D:3:      layout_rooms
D:4:      layout_rooms, mainiacjoe_overflow_alcove_1, serial_aquarium,
          aquarium_bridge_island_small [aquarium_subvault_small_open,
          aquarium_subvault_bridge, aquarium_subvault_bridge,
          aquarium_subvault_window, aquarium_subvault_bridge],
          aquarium_window_fake, aquarium_window_1, aquarium_view_2b,
          aquarium_view_2a, aquarium_balcony_3b, minivault_11

Skill      XL: |  1  2  3  4  5 |
---------------+----------------+-----
Ranged Weapons | 3 5 |  5.5
Fighting       | 2 3 |  3.0
Dodging        | |  1.5
Spellcasting   | |  1.0
Hexes          | |  2.6

Action                     |  1- 3 |  4- 6 || total
---------------------------+-------+-------++-------
   Fire: Sling             |   105 |   104 ||   209
    Use: Scroll            |     3 |     5 ||     8
         Potion            |     2 |       ||     2
 Armour: Robe              |     4 |       ||     4
         Leather armour    |    11 |    18 ||    29
  Dodge: Dodged            |    15 |    57 ||    72

Table legend:
 A = Non-vault XP
 B = Vault XP
 C = Vault XP percentage of total XP
 D = Non-vault monster count
 E = Vault monster count
 F = Vault count percentage of total count
                 A         B        C        D         E       F
            +---------+---------+-------+---------+---------+-------
      Total |     333 |       0 |   0.0 |      54 |       0 |   0.0
            +---------+---------+-------+---------+---------+-------
        D:1 |      52 |       0 |   0.0 |      20 |       0 |   0.0
        D:2 |      25 |       0 |   0.0 |      15 |       0 |   0.0
        D:3 |     177 |       0 |   0.0 |      14 |       0 |   0.0
        D:4 |      79 |       0 |   0.0 |       5 |       0 |   0.0
            +---------+---------+-------+---------+---------+-------
